 Dungeon Crawl Stone Soup version 0.31.0-11-ge490571c62 (webtiles) character file.

Game seed: 8971028248761108758

140 Buffagor the Insei (level 5, 0/55 HPs)
             Began as a Merfolk Shapeshifter on Feb 10, 2024.
             Slain by an orc
             ... wielding a +0 trident
              (1 damage)
             ... on level 3 of the Dungeon.
             The game lasted 00:05:16 (1770 turns).

Buffagor the Insei (Merfolk Shapeshifter)           Turns: 1770, Time: 00:05:16

Health: 0/55       AC: 22    Str: 15    XL:     5   Next: 23%
Magic:  5/5        EV:  2    Int:  9    God:
Gold:   147        SH:  0    Dex: 15    Spells: 4/4 levels left

rFire   . .          .
                       - Unarmed
rCold   . . .        (no shield)
rNeg    . . .        a - melded +0 ring mail {Will+}
rPois   +            (helmet currently unavailable)
rElec   .            (cloak currently unavailable)
rCorr   +            (gloves currently unavailable)
SInv    .            (boots currently unavailable)
Will    .....        (no amulet)
Stlth   +            m - ring of resist corrosion
HPRegen 0.29/turn    l - ring of flight
MPRegen 0.09/turn

%: no passive effects
@: tree-form
A: stationary, stasis, torment immunity, boosted hp, (nimble swimmer 2),
(mertail)
a: no special abilities


You were on level 3 of the Dungeon.
You were a tree.
You visited 1 branch of the dungeon, and saw 3 of its levels.

You collected 147 gold pieces.

Inventory:

Hand Weapons
 b - a +0 sling
Missiles
 i - 11 poisoned darts
 p - 11 stones
Armour
 a - a +0 ring mail of willpower (melded)
Jewellery
 j - a ring of fire
 l - a ring of flight (right branch)
 m - a ring of resist corrosion (left branch)
Talismans
 c - a beast talisman
 d - a flux talisman
Wands
 n - a wand of charming (6)
Scrolls
 f - 3 scrolls of identify {unknown}
 k - a scroll of acquirement {unknown}
 o - 2 scrolls of teleportation {unknown}
 q - a scroll of revelation {unknown}
 r - a scroll of vulnerability {unknown}
 s - a scroll of immolation {unknown}
 t - a scroll of blinking {unknown}
Potions
 g - a potion of degeneration {unknown}
 h - 2 potions of curing {unknown}
 u - a potion of ambrosia {unknown}


   Skills:
 - Level 1.1 Fighting
 - Level 2.6 Dodging
 + Level 6.3 Unarmed Combat
 - Level 4.0 Shapeshifting


You had 4 spell levels left.
You didn't know any spells.
Your spell library was empty.

Dungeon Overview and Level Annotations

Branches:
Dungeon (3/15)

Altars:
Trog


Innate Abilities, Weirdness & Mutations

You are a tree.
Your roots penetrate the ground, keeping you stationary.
You cannot be teleported.
You are immune to unholy pain and torment.
Your maximum health is greatly increased.
Your equipment is partially melded.
((You are very nimble when in or above water. (Stealth+, EV+, Speed+++)))
((Your lower body shifts to a powerful aquatic tail in water.))


Message History

You feel stronger.
You shoot a sling bullet.
The sling bullet closely misses the orc.
The sling bullet barely misses the orc.
You feel sick.
You are no longer poisoned.
The orc hits you but does no damage. The orc hits you with a +0 flail.
Something hits you but does no damage. x2; The orc hits you but does no damage. x2
You shoot a sling bullet. The sling bullet barely misses the orc.
The sling bullet hits the orc.
The orc is lightly wounded.
The orc hits you with a +0 trident. The orc hits you with a +0 flail!
* * * LOW HITPOINT WARNING * * *
Something hits you but does no damage.
You shoot a sling bullet.
The sling bullet closely misses the orc.
The sling bullet hits the orc.
The orc is moderately wounded.
The orc hits you but does no damage. x2
You hear some strange, mumbled words.
A magic dart appears from out of thin air!
The magic dart hits you but does no damage.
Something hits you but does no damage. The orc hits you but does no damage.
The orc hits you with a +0 trident.
* * * LOW HITPOINT WARNING * * *
Unknown command.
You cannot move.
You cannot move.
You shoot a sling bullet. The orc hits you but does no damage. x2
Something completely misses you.
You are now empty-handed.
You closely miss something. The orc hits you with a +0 trident.
* * * LOW HITPOINT WARNING * * *
The orc hits you but does no damage. Something completely misses you.
You miss something. The orc hits you with a +0 trident.
* * * LOW HITPOINT WARNING * * *
The orc hits you but does no damage. Something hits you but does no damage.
You miss something. The orc hits you but does no damage. x2
Something hits you but does no damage.
You miss something. The orc hits you with a +0 trident.
You die...

#. # # # #. #. # #. #.
##.##### ###.##.
#......# .......
+.<..... .......
######......#
....$.{#####............
.....oo♣................
......o#####.####.....)#
....... #.# #....).#
....... #.####......#
....... #.#..........
....... #.#..........
....... #.#.....[....
..?.... #.#..........
#.#..........


You could see 3 orcs.

Vanquished Creatures
  An orc priest (D:3)
  An orc wizard (D:3)
  A gnoll (D:1)
  An adder (D:2)
  A dart slug (D:3)
  3 ribbon worms
  9 orcs (D:3)
  5 bats
  4 endoplasms
  A giant cockroach (D:1)
  5 goblins
  2 jackals (D:2)
  2 kobolds (D:2)
  A quokka (D:1)
  4 ball pythons
  4 frilled lizards
  A rat (D:2)
46 creatures vanquished.

Notes
Turn   | Place    | Note
-------+----------+-------------------------------------------
     0 | D:1      | Buffagor the Merfolk Shapeshifter began the quest for the
                  | Orb.
     0 | D:1      | Reached XP level 1. HP: 15/15 MP: 1/1
   129 | D:1      | Reached XP level 2. HP: 19/21 MP: 2/2
   212 | D:1      | Reached skill level 4 in Unarmed Combat
   635 | D:2      | Reached XP level 3. HP: 26/26 MP: 3/3
   925 | D:2      | Reached skill level 5 in Unarmed Combat
  1425 | D:3      | Reached XP level 4. HP: 23/32 MP: 4/4
  1509 | D:3      | Found a bloodstained altar of Trog.
  1733 | D:3      | Reached skill level 6 in Unarmed Combat
  1762 | D:3      | Reached XP level 5. HP: 28/37 MP: 5/5
  1768 | D:3      | HP: 1/55 [orc/+0 trident (6)]
  1770 | D:3      | Slain by an orc

Illustrated notes

Levels and vault maps discovered:
D:1:      spicycebolla_arrival_clurvy, layout_basic
D:2:      layout_basic, chequers_avenue, palyth_stone_intersect
D:3:      layout_basic, marbit_many_paths

Skill      XL: |  1  2  3  4 |
---------------+-------------+-----
Unarmed Combat | 4 5 6 |  6.3
Fighting       | |  1.1
Dodging        | |  2.6
Shapeshifting  | |  4.0

Action                     |  1- 3 |  4- 6 || total
---------------------------+-------+-------++-------
  Melee: Unarmed           |    64 |    24 ||    88
         Punch             |     2 |     3 ||     5
   Fire: Sling             |    22 |    29 ||    51
  Throw: Stone             |     7 |       ||     7
    Use: Potion            |       |     1 ||     1
   Stab: Distracted        |     1 |       ||     1
 Armour: Animal skin       |    25 |    14 ||    39
         Skin              |       |    58 ||    58
         Ring mail         |       |     2 ||     2
  Dodge: Dodged            |    32 |    12 ||    44
